 Dungeon Crawl Stone Soup version 0.28.0-43-g3370ac3207 (webtiles) character file.

Game seed: 3831657064962827581

128 spaghetti the Digger (level 4, -1/36 HPs)
             Began as a Deep Dwarf Earth Elementalist on Mar 24, 2022.
             Was a Follower of Cheibriados.
             Slain by a yak (14 damage)
             ... on level 6 of the Dungeon.
             The game lasted 00:04:53 (2282 turns).

spaghetti the Digger (DDEE)                         Turns: 2282, Time: 00:04:57

Health: -1/36      AC:  2    Str: 14    XL:     4   Next: 86%
Magic:  1/6        EV: 12    Int: 19    God:    Cheibriados [*.....]
Gold:   94         SH:  0    Dex: 15    Spells: 3/6 levels left

rFire   . . .      SeeInvis .   d - +2 dagger (venom)
rCold   . . .      Faith    .   (no shield)
rNeg    . . .      Spirit   .   b - +0 robe
rPois   .          Reflect  .   (no helmet)
rElec   .          Harm     .   (no cloak)
rCorr   .          Rampage  .   (no gloves)
Will    .....                   (no boots)
Stlth   +++.......              (no amulet)
HPRegen 0.00/turn               g - ring of wizardry
MPRegen 0.10/turn               (no ring)

@: very slow
A: damage resistance, heal wounds, sense surroundings 1, no regeneration
a: Heal Wounds, Renounce Religion, Bend Time


You were on level 6 of the Dungeon.
You worshipped Cheibriados.
Cheibriados was aware of your devotion.
You visited 1 branch of the dungeon, and saw 5 of its levels.

You collected 94 gold pieces.

Inventory:

Hand Weapons
 d - a +2 dagger of venom (weapon)
 k - a +0 rapier
Missiles
 c - 46 stones
Armour
 b - a +0 robe (worn)
Jewellery
 f - a ring of flight
 g - a ring of wizardry (left hand)
 l - an amulet of magic regeneration
Wands
 a - a wand of flame (5)
Scrolls
 e - a scroll of immolation
 h - 2 scrolls of fog
 m - a scroll of identify
Potions
 i - a potion of curing {unknown}
 j - 2 potions of cancellation {unknown}


   Skills:
 - Level 0.3 Short Blades
 - Level 2.1 Dodging
 - Level 5.0 Stealth
 - Level 1.7 Spellcasting
 - Level 0.8 Transmutations
 - Level 5.9 Earth Magic
 + Level 0.0 Evocations


You had 3 spell levels left.
You knew the following spells:

 Your Spells              Type           Power      Damage    Failure   Level
a - Sandblast             Erth           48%        2d12      1%          1
b - Passwall              Tmut/Erth      11%        N/A       2%          2

Your spell library contained the following spells:

 Spells                   Type           Power      Damage    Failure   Level
 Stone Arrow              Conj/Erth      24%        3d8       6%          3
 Petrify                  Tmut/Erth      14%        N/A       16%         4


Dungeon Overview and Level Annotations

Branches:
Dungeon (4/15)
 Temple: D:4-7

Altars:
Cheibriados
Gozag

Annotations:
D:1 exclusion: dart slug
D:3 exclusion: adder


Innate Abilities, Weirdness & Mutations

You are resistant to damage.
You can heal yourself by infusing magical energy.
You passively map a small area around you.
You do not regenerate.


Message History

Press: ? - help, Shift-Dir - straight line, f/p - yak
Aim: a yak (lightly wounded, 81% to hit)
The puff of flame hits the yak but does no damage.
The yak is lightly wounded.
You hit the yak.
The yak is poisoned.
The yak is lightly wounded.
The yak gores you.
You hit the yak.
The yak looks as sick as possible!
The yak is moderately wounded.
The yak barely misses you.
Aiming: Throw Flame
Press: ? - help, Shift-Dir - straight line, f/p - yak
Aim: a yak (moderately wounded, extremely poisoned, 81% to hit)
The puff of flame misses the yak.
The yak closely misses you.
You hit the yak but do no damage.
The yak is moderately wounded.
The yak gores you!
You closely miss the yak.
The yak is moderately wounded.
The yak gores you!
You hit the yak.
The yak looks as sick as possible!
The yak is heavily wounded.
The yak misses you.
Aiming: Throw Flame
Press: ? - help, Shift-Dir - straight line, f/p - yak
Aim: a yak (heavily wounded, extremely poisoned, 81% to hit)
The puff of flame misses the yak.
The yak closely misses you.
Aiming: Throw Flame
Press: ? - help, Shift-Dir - straight line, f/p - yak
Aim: a yak (heavily wounded, extremely poisoned, 81% to hit)
The puff of flame hits the yak.
The yak is severely wounded.
The yak barely misses you.
Aiming: Throw Flame
Press: ? - help, Shift-Dir - straight line, f/p - yak
Aim: a yak (almost dead, extremely poisoned, 81% to hit)
The puff of flame hits the yak.
The yak is almost dead.
The yak gores you!
You die...

#### #$.# *
#@.# ##Y# #.# *
#)# #.## ,
##### #..#
##...###.$##
#.....###..###
##............#


You could see a yak (extremely poisoned).

Vanquished Creatures
  Blork the orc (D:6)
  An adder (D:3)
  A dart slug (D:2)
  2 worms (D:2)
  2 endoplasms (D:1)
  A giant cockroach (D:1)
  11 goblins
  6 hobgoblins
  A quokka (D:1)
  3 ball pythons
  5 bats
  7 frilled lizards
  2 kobolds
  3 rats
46 creatures vanquished.

Notes
Turn   | Place    | Note
-------+----------+-------------------------------------------
     0 | D:1      | spaghetti the Deep Dwarf Earth Elementalist began the quest
                  | for the Orb.
     0 | D:1      | Reached XP level 1. HP: 15/15 MP: 3/3
   192 | D:1      | Reached XP level 2. HP: 8/22 MP: 1/4
   352 | D:1      | Learned a level 2 spell: Passwall
   806 | D:2      | Found a snail-covered altar of Cheibriados.
   825 | D:2      | Became a worshipper of Cheibriados the Contemplative
   890 | D:2      | Reached XP level 3. HP: 27/28 MP: 3/5
  1169 | D:2      | Reached skill level 5 in Earth Magic
  1792 | D:3      | Found a faded altar of an unknown god.
  1857 | D:3      | Reached * piety under Cheibriados
  2177 | D:3      | Found an opulent altar of Gozag.
  2250 | D:4      | Noticed an ogre
  2251 | D:4      | You fall into a shaft and drop 2 floors!
  2251 | D:6      | Noticed Blork the orc
  2251 | D:6      | Noticed a yak
  2251 | D:6      | Noticed a yak
  2251 | D:6      | Noticed a yak
  2271 | D:6      | Killed Blork the orc
  2272 | D:6      | Reached skill level 5 in Stealth
  2272 | D:6      | Reached XP level 4. HP: 26/36 MP: 0/6
  2282 | D:6      | Slain by a yak

Illustrated notes

Levels and vault maps discovered:
D:1:      evilmike_arrival_home_sweet_home, layout_rooms
D:2:      kb_forest_paths, layout_basic, basic_altar, grunt_decor_resistance,
          st_stairs_1, minmay_misc_feat_hallway
D:3:      layout_basic, nicolae_overflow_crystal_walls, basic_ecumenical_altar,
          minmay_fractal_squares_5
D:4:      layout_cave_pools, minmay_misc_feat_encased, st_stairs_3
D:6:      layout_cave_pods, serial_shops, shop, uniq_blork_the_orc

Skill      XL: |  1  2  3 |
---------------+----------+-----
Stealth        | 3 5 |  5.0
Earth Magic    | 5 |  5.9
Short Blades   | |  0.3
Dodging        | |  2.1
Spellcasting   | |  1.7
Transmutations | |  0.8

Action                   |  1- 3 |  4- 6 || total
-------------------------+-------+-------++-------
Melee: Dagger            |    50 |     5 ||    55
       Punch             |     1 |       ||     1
 Cast: Sandblast         |    43 |       ||    43
       Passwall          |     2 |       ||     2
 Abil: Heal Wounds       |     1 |       ||     1
Evoke: Wand              |     6 |     6 ||    12
  Use: Scroll            |     6 |       ||     6
 Stab: Sleeping          |     5 |       ||     5
Armor: Robe              |    17 |       ||    17
Dodge: Dodged            |    30 |     5 ||    35
